 Dungeon Crawl Stone Soup version 0.20.0-15-g7f486f2 (webtiles) character file.

79 Peloso the Covered (level 4, -7/40 HPs)
             Began as a Minotaur Fighter on June 11, 2017.
             Killed by nerve-wracking pain
             ... invoked by Grinder
              (11 damage)
             ... on level 3 of the Dungeon.
             The game lasted 00:02:41 (1381 turns).

Peloso the Covered (Minotaur Fighter)               Turns: 1381, Time: 00:02:42

Health: -7/40      AC: 10    Str: 25    XL:     4   Next: 16%
Magic:  3/3        EV:  7    Int:  5    God:
Gold:   146        SH: 10    Dex: 11    Spells: 3/3 levels left

rFire    + . .     SeeInvis .   a - +0 long sword
rCold    x . .     Gourm    .   c - +0 shield
rNeg     . . .     Faith    .   b - +0 scale mail
rPois    .         Spirit   .   (helmet restricted)
rElec    .         Reflect  .   (no cloak)
rCorr    .         Harm     .   j - +2 pair of gloves
MR       .....                  (no boots)
Stlth    ..........             (no amulet)
Regen    0.2/turn               e - ring of fire
MPRegen  0.1/turn               (no ring)

@: mighty
A: retaliatory headbutt, horns 2
a: no special abilities


You were on level 3 of the Dungeon.
You were near starving.

You visited 1 branch of the dungeon, and saw 3 of its levels.

You collected 146 gold pieces.

Inventory:

Hand Weapons
 a - a +0 long sword (weapon)
Armour
 b - a +0 scale mail (worn)
 c - a +0 shield (worn)
 j - a +2 pair of gloves (worn)
Jewellery
 e - a ring of fire (left hand)
 p - an uncursed ring of protection from fire {unknown}
Wands
 l - a wand of lightning (5/15)
Scrolls
 i - 2 scrolls of teleportation {unknown}
 m - 2 scrolls of identify {unknown}
 o - a scroll of amnesia {unknown}
Potions
 h - 2 potions of agility {unknown}
 n - a potion of lignification {unknown}
Comestibles
 f - 5 bread rations
 g - 2 royal jellies
 k - 2 meat rations


   Skills:
 + Level 4.3 Fighting
 + Level 3.1 Long Blades
 + Level 4.5 Armour
 + Level 4.4 Shields


You had 3 spell levels left.
You didn't know any spells.

Dungeon Overview and Level Annotations

Branches:
Dungeon (3/15)

Altars:
Ashenzari
Fedhas
Gozag
Trog
Uskayaw

Annotations:
D:3 Grinder


Innate Abilities, Weirdness & Mutations

You reflexively headbutt those who attack you in melee.
You have a pair of horns on your head.


Message History

You block the quokka's attack. The orc hits you but does no damage.
Grinder grins, showing sharp teeth.
Grinder blinks!
The quokka bites you but does no damage.
You completely miss the orc. You block the orc's attack.
Grinder blinks!
You block the quokka's attack. The orc barely misses you.
You riposte.
You slash the orc!
You kill the orc!
Unknown command.
You slash the orc!
You kill the orc!
You block the quokka's attack. x2
Unknown command.
You completely miss the hobgoblin. You headbutt the hobgoblin.
You kill the hobgoblin!
The quokka bites you.
* * * LOW HITPOINT WARNING * * *
Grinder gestures at you. Pain shoots through your body!
You die...

#.......###....#.....#
#.......# ####.......#
#........ ###..######
#....## #.#...# ### #
#...# .... #...# .....
...##...#......
#.....r@)......
...##...)#.#... %.
#........ .
#.....5....
#....#.....
#.......### ####....#
.....


You could see Grinder and a quokka.

Vanquished Creatures
  Jessica (D:2)
  An ooze (D:2)
  A dart slug (D:1)
  A leopard gecko (D:2)
  3 orcs (D:3)
  4 giant cockroaches (D:2)
  3 goblins
  5 hobgoblins
  4 jackals (D:2)
  7 kobolds
  A quokka (D:2)
  2 bats
  3 frilled lizards
  2 rats (D:1)
38 creatures vanquished.

Notes
Turn   | Place    | Note
-------+----------+-------------------------------------------
     0 | D:1      | Peloso the Minotaur Fighter began the quest for the Orb.
     0 | D:1      | Reached XP level 1. HP: 19/19 MP: 0/0
   304 | D:1      | Reached XP level 2. HP: 27/27 MP: 1/1
   656 | D:2      | Found a shattered altar of Ashenzari.
   656 | D:2      | Found a blossoming altar of Fedhas.
   656 | D:2      | Found a bloodstained altar of Trog.
   656 | D:2      | Found an opulent altar of Gozag.
   794 | D:2      | Noticed Jessica
   796 | D:2      | Killed Jessica
   796 | D:2      | Reached XP level 3. HP: 33/33 MP: 2/2
  1062 | D:2      | Reached XP level 4. HP: 40/40 MP: 3/3
  1336 | D:3      | Noticed a dagger
  1336 | D:3      | Noticed a dagger
  1337 | D:3      | Found a hide-covered altar of Uskayaw.
  1366 | D:3      | Noticed Grinder
  1371 | D:3      | Paralysed by Grinder for 4 turns
  1381 | D:3      | Killed from afar by Grinder

Skill      XL: |  1  2  3 |
---------------+----------+-----
Shields        | 4 |  4.4
Armour         | 4 |  4.5
Fighting       | 4 |  4.3
Long Blades    | 3 |  3.1

Action                   |  1- 3 |  4- 6 || total
-------------------------+-------+-------++-------
Melee: Long sword        |    70 |     9 ||    79
       Headbutt          |    14 |     3 ||    17
  Use: Potion            |       |     1 ||     1
Armor: Scale mail        |    36 |    12 ||    48
Dodge: Dodged            |    35 |     5 ||    40
Block: Shield            |    43 |     9 ||    52
       Rpst.: Long sword |     9 |     2 ||    11
